 Dungeon Crawl Stone Soup version 0.27.1-3-gb3d3a73c9e (webtiles) character file.

Game seed: 8630839017940522654

1472 Urokeeper the Ducker (level 8, -11/64 HPs)
             Began as a Gnoll Gladiator on Oct 8, 2021.
             Was a Believer of Okawaru.
             Mangled by Maggie (16 damage)
             ... on level 6 of the Dungeon.
             The game lasted 00:19:03 (7077 turns).

Urokeeper the Ducker (Gnoll Gladiator)              Turns: 7077, Time: 00:19:03

Health: -11/64     AC:  9    Str: 14    XL:     8   Next: 78%
Magic:  13/13      EV: 14    Int:  7    God:    Okawaru [**....]
Gold:   208        SH:  0    Dex: 16    Spells: 14/14 levels left

rFire    + . .     SeeInvis .   H - +5 mace
rCold    x . .     Faith    .   (no shield)
rNeg     . . .     Spirit   .   g - +0 ring mail
rPois    .         Reflect  .   c - +0 helmet
rElec    .         Harm     .   (no cloak)
rCorr    .         Rampage  .   k - +1 pair of gloves
Will     +....                  (no boots)
Stlth    ++........             G - amulet of regeneration
HPRegen  1.20/turn              w - ring of willpower
MPRegen  0.13/turn              z - ring of fire

@: studying Long Blades
A: fangs 1, strong nose, distributed training
a: Renounce Religion, Heroism


You were on level 6 of the Dungeon.
You worshipped Okawaru.
Okawaru was pleased with you.
You visited 2 branches of the dungeon, and saw 7 of its levels.

You collected 208 gold pieces.

Inventory:

Hand Weapons
 a - a +0 rapier
 p - a +0 falchion
 y - a +0 long sword
 B - a +1 dagger of venom
 H - a +5 mace (weapon)
 I - a +2 dire flail
Missiles
 e - 8 bolts
 i - 52 poisoned darts (quivered)
 m - 9 sling bullets
 n - 113 stones
 D - 3 atropa-tipped darts
Armour
 b - a +0 leather armour
 c - a +0 helmet (worn)
 g - a +0 ring mail (worn)
 k - a +1 pair of gloves (worn)
 q - a +0 scale mail
Jewellery
 f - an amulet of magic regeneration
 w - a ring of willpower (left hand)
 z - a ring of fire (right hand)
 G - an amulet of regeneration (around neck)
Wands
 x - a wand of paralysis (10)
Scrolls
 h - 2 scrolls of enchant armour {unknown}
 l - a scroll of amnesia
 s - a scroll of vulnerability {unknown}
 u - a scroll of teleportation {unknown}
 A - a scroll of fear {unknown}
 C - a scroll of immolation {unknown}
 E - a scroll of identify {unknown}
 J - a scroll of torment {unknown}
Potions
 j - 2 potions of lignification
 o - 2 potions of degeneration {unknown}
 r - a potion of brilliance {unknown}
 t - 4 potions of curing {unknown}
 v - a potion of invisibility {unknown}
 F - a potion of haste {unknown}


   Skills:
 + Level 5.9 Fighting
 + Level 7.5 Short Blades
 + Level 5.1 Long Blades
 + Level 3.5 Axes
 + Level 3.5 Maces & Flails
 + Level 3.5 Polearms
 + Level 3.5 Staves
 + Level 3.5 Slings
 + Level 3.5 Bows
 + Level 3.5 Crossbows
 + Level 5.9 Throwing
 + Level 3.5 Armour
 + Level 7.5 Dodging
 + Level 3.5 Stealth
 + Level 3.5 Shields
 + Level 3.5 Unarmed Combat
 + Level 3.5 Spellcasting
 + Level 2.9 Conjurations
 + Level 2.9 Hexes
 + Level 2.9 Summonings
 + Level 2.9 Necromancy
 + Level 2.9 Translocations
 + Level 2.9 Transmutations
 + Level 2.9 Fire Magic
 + Level 2.9 Ice Magic
 + Level 2.9 Air Magic
 + Level 2.9 Earth Magic
 + Level 2.9 Poison Magic
 + Level 3.9 Invocations
 + Level 3.5 Evocations


You had 14 spell levels left.
You didn't know any spells.
Your spell library contained the following spells:

 Spells                   Type           Power      Damage    Failure   Level
 Animate Skeleton         Necr           10%        N/A       19%         1
 Pain                     Necr           20%        1d5       19%         1
 Shock                    Conj/Air       20%        1d4       19%         1
 Slow                     Hex            5%         N/A       28%         2
 Confusing Touch          Hex            5%         N/A       50%         3
 Portal Projectile        Hex/Tloc       10%        N/A       50%         3
 Summon Guardian Golem    Hex/Summ       5%         N/A       50%         3
 Vampiric Draining        Necr           2%         2d6       50%         3
 Iskenderun's Mystic Bla  Conj/Tloc      5%         2d3       88%         4
 Passage of Golubria      Tloc           N/A        N/A       88%         4
 Blade Hands              Tmut           2%         N/A       99%         5
 Excruciating Wounds      Necr           2%         N/A       99%         5
 Freezing Cloud           Conj/Ice/Air   2%         6-21      99%         5
 Silence                  Hex/Air        2%         N/A       99%         5
 Lehudib's Crystal Spear  Conj/Erth      2%         10d2      100%        8


Dungeon Overview and Level Annotations

Branches:
Dungeon (6/15)             Temple (1/1) D:4

Altars:
Ashenzari
Cheibriados
Elyvilon
Fedhas
Kikubaaqudgha
Okawaru
Qazlal
Ru
Sif Muna
Trog
Uskayaw
Vehumet
Wu Jian
Xom
Yredelemnul
Zin

Shops:
D:6 !

Annotations:
D:4 1 runed translucent door, pkoi's ghost, amateur MiFi
D:6 Maggie


Innate Abilities, Weirdness & Mutations

You have very sharp teeth.
Your uncanny sense of smell can sniff out nearby items.
Your experience applies equally to all skills.


Message History

Maggie is heavily wounded.
Maggie closely misses you.
You hit Maggie. You bite Maggie, but do no damage.
Maggie is severely wounded.
Maggie casts a spell at you. The bolt of fire hits you! You resist.
* * * LOW HITPOINT WARNING * * *
You hit Maggie but do no damage.
Maggie is severely wounded.
Maggie closely misses you. x2
You hit Maggie but do no damage. You bite Maggie, but do no damage.
Maggie is severely wounded.
Maggie closely misses you.
You barely miss Maggie.
Maggie is severely wounded.
Maggie mumbles some strange words.
Maggie attempts to bespell you! You resist with some effort.
You closely miss Maggie.
Maggie is severely wounded.
Maggie barely misses you.
You barely miss Maggie.
Maggie is severely wounded.
Maggie barely misses you. Maggie closely misses you.
You hit Maggie.
Maggie is severely wounded.
Maggie casts a spell at you. The bolt of fire misses you.
You hit Maggie.
Maggie is severely wounded.
Maggie hits you with a +0 broad axe!
* * * LOW HITPOINT WARNING * * *
You closely miss Maggie.
Maggie is severely wounded.
Maggie barely misses you.
You closely miss Maggie.
Maggie is severely wounded.
Maggie hits you with a +0 broad axe!
* * * LOW HITPOINT WARNING * * *
Maggie hits you with a +0 broad axe!
You die...

..........#..
############.# #.#
.. ... #.# .# #.#
#.# .# #.# #.# .#
#.# #.# .# #.# #.#
.# #.# #@#
.###########.# #@#
.............###.#
.#####...........#
.# #.###########
.# #.# .# #.# .#
#.# .# #.# .. ..#


You could see Maggie.

Vanquished Creatures
  A sky beast (D:6)
  An ice beast (D:6)
  A black bear (D:4)
  A necrophage (D:4)
  An ogre (D:6)
  A phantom (D:5)
  A wyvern zombie (D:6)
  A water moccasin zombie (D:5)
  4 wights (D:6)
  2 howler monkeys
  A centaur skeleton (D:6)
  4 hounds
  A jelly (D:6)
  An orc priest (D:4)
  5 iguanas
  2 orc wizards (D:5)
  A hound skeleton (D:4)
  7 adders
  3 white imps (D:5)
  An ufetubus (D:4)
  3 worms
  4 dart slugs
  19 orcs
  9 ball pythons
  4 endoplasms
  4 giant cockroaches
  6 hobgoblins
  4 jackals (D:4)
  4 kobolds
  4 quokkas
  5 bats
  A frilled lizard (D:1)
  4 goblins
  3 rats
114 creatures vanquished.

Notes
Turn   | Place    | Note
-------+----------+-------------------------------------------
     0 | D:1      | Urokeeper the Gnoll Gladiator began the quest for the Orb.
     0 | D:1      | Reached XP level 1. HP: 20/20 MP: 1/1
   132 | D:1      | Reached XP level 2. HP: 23/26 MP: 2/2
   650 | D:1      | Got the Tome of Hurtful Summoning
   738 | D:1      | Found a faded altar of an unknown god.
   860 | D:1      | Reached XP level 3. HP: 31/31 MP: 3/3
  1504 | D:2      | Reached skill level 1 in Invocations
  1747 | D:2      | You fall into a shaft and drop 2 floors!
  1758 | D:4      | Reached skill level 1 in Long Blades
  1767 | D:4      | Reached skill level 1 in Axes
  1767 | D:4      | Reached skill level 1 in Maces & Flails
  1767 | D:4      | Reached skill level 1 in Polearms
  1767 | D:4      | Reached skill level 1 in Staves
  1767 | D:4      | Reached skill level 1 in Slings
  1767 | D:4      | Reached skill level 1 in Bows
  1767 | D:4      | Reached skill level 1 in Crossbows
  1767 | D:4      | Reached skill level 1 in Armour
  1767 | D:4      | Reached skill level 1 in Stealth
  1767 | D:4      | Reached skill level 1 in Shields
  1767 | D:4      | Reached skill level 1 in Unarmed Combat
  1767 | D:4      | Reached skill level 1 in Spellcasting
  1767 | D:4      | Reached skill level 1 in Evocations
  1767 | D:4      | Reached XP level 4. HP: 35/38 MP: 5/5
  2034 | D:3      | Reached skill level 1 in Conjurations
  2034 | D:3      | Reached skill level 1 in Hexes
  2034 | D:3      | Reached skill level 1 in Summonings
  2034 | D:3      | Reached skill level 1 in Necromancy
  2034 | D:3      | Reached skill level 1 in Translocations
  2034 | D:3      | Reached skill level 1 in Transmutations
  2034 | D:3      | Reached skill level 1 in Fire Magic
  2034 | D:3      | Reached skill level 1 in Ice Magic
  2034 | D:3      | Reached skill level 1 in Air Magic
  2034 | D:3      | Reached skill level 1 in Earth Magic
  2034 | D:3      | Reached skill level 1 in Poison Magic
  2386 | D:2      | Reached XP level 5. HP: 43/43 MP: 6/6
  2876 | D:3      | Found a bloodstained altar of Trog.
  3186 | D:4      | Found a staircase to the Ecumenical Temple.
  3202 | Temple   | Entered the Ecumenical Temple
  3417 | Temple   | Became a worshipper of Warmaster Okawaru
  3451 | D:4      | Found a runed translucent door.
  3624 | D:4      | Reached XP level 6. HP: 45/50 MP: 8/8
  3688 | D:4      | Noticed a necrophage
  3696 | D:4      | Killed a necrophage
  3697 | D:4      | Reached skill level 5 in Fighting
  3697 | D:4      | Reached skill level 5 in Throwing
  3775 | D:4      | Noticed a black bear
  3796 | D:4      | Killed a black bear
  3796 | D:4      | Reached * piety under Okawaru
  4034 | D:4      | Noticed pkoi's ghost (amateur MiFi)
  4059 | D:5      | Entered Level 5 of the Dungeon
  4195 | D:5      | Reached XP level 7. HP: 35/56 MP: 10/10
  4763 | D:5      | Found a hide-covered altar of Uskayaw.
  4821 | D:5      | Found a white marble altar of Elyvilon.
  6005 | D:6      | Reached XP level 8. HP: 63/63 MP: 12/12
  6233 | D:6      | Reached ** piety under Okawaru
  6304 | D:6      | Found Keodint's Distillery.
  6955 | D:6      | Reached skill level 5 in Long Blades
  7053 | D:6      | Noticed Maggie
  7077 | D:6      | Mangled by Maggie

Illustrated notes

Levels and vault maps discovered:
D:1:      lemuel_arrival_lava_pool, layout_rooms,
          dreamdust_ecumenical_altar_statues, serial_co_window_serial,
          co_window_paths_b, co_window_paths_b, co_window_paths_b,
          co_window_cross_1, co_window_paths_b, co_window_cross_1,
          co_window_paths_a, co_window_unsneaky_path_d,
          co_window_of_opportunity_b, co_window_unsneaky_path_d,
          co_window_broadway_c, co_window_2corner, co_window_cross_3,
          co_window_paths_e
D:2:      layout_loops_ring
D:3:      layout_basic, trog_book, roderic_filled_cross
D:4:      layout_loops_ring, minmay_temple_entry_junction, ebering_ghost_sewer_d
D:5:      layout_gridville, mainiacjoe_overflow_tiny_flanked,
          nicolae_overflow_hidden_temple
D:6:      layout_basic, serial_shops, nicolae_diamond_shop, uniq_maggie
Temple:   dshaligram_water_room_temple

Skill      XL: |  1  2  3  4  5  6  7  8 |
---------------+-------------------------+-----
Invocations    | 1 2 3 |  3.9
Long Blades    | 1 2 3 4 5 |  5.1
Axes           | 1 2 3 |  3.5
Maces & Flails | 1 2 3 |  3.5
Polearms       | 1 2 3 |  3.5
Staves         | 1 2 3 |  3.5
Slings         | 1 2 3 |  3.5
Bows           | 1 2 3 |  3.5
Crossbows      | 1 2 3 |  3.5
Armour         | 1 2 3 |  3.5
Stealth        | 1 2 3 |  3.5
Shields        | 1 2 3 |  3.5
Unarmed Combat | 1 2 3 |  3.5
Spellcasting   | 1 2 3 |  3.5
Evocations     | 1 2 3 |  3.5
Conjurations   | 1 2 |  2.9
Hexes          | 1 2 |  2.9
Summonings     | 1 2 |  2.9
Necromancy     | 1 2 |  2.9
Translocations | 1 2 |  2.9
Transmutations | 1 2 |  2.9
Fire Magic     | 1 2 |  2.9
Ice Magic      | 1 2 |  2.9
Air Magic      | 1 2 |  2.9
Earth Magic    | 1 2 |  2.9
Poison Magic   | 1 2 |  2.9
Fighting       | 5 |  5.9
Throwing       | 5 |  5.9
Short Blades   | 7 |  7.5
Dodging        | 7 |  7.5

Action                   |  1- 3 |  4- 6 |  7- 9 || total
-------------------------+-------+-------+-------++-------
Melee: Rapier            |    89 |   184 |   241 ||   514
       Bite              |     6 |    18 |    48 ||    72
       Dagger            |       |       |    60 ||    60
       Punch             |       |       |     9 ||     9
       Mace              |       |       |    36 ||    36
Throw: Throwing net      |       |     3 |     2 ||     5
       Dart              |       |       |    13 ||    13
  Use: Scroll            |       |     1 |       ||     1
       Potion            |       |     1 |       ||     1
 Stab: Held in net/web   |       |     2 |     1 ||     3
       Sleeping          |       |       |     2 ||     2
Armor: Leather armour    |     7 |       |       ||     7
       Ring mail         |    20 |    62 |    65 ||   147
Dodge: Dodged            |    53 |   110 |   185 ||   348
